PUB
HOUSTON COLT .45S @ HOLLYWOOD STARS
06/18/1972
 
TOP OF THE 1ST
Houston Colt .45s batting - Pitching for Hollywood Stars : RHP Art Mahaffey
Pitching: RHP Art Mahaffey
Batting: SHB Eric Tucker 0-0: Ball
1-0: Ball
2-0: Called Strike
2-1: Ball
3-1: Swinging Strike
3-2: Base on Balls
Batting: LHB Edgardo Vázquez 0-0: Called Strike
0-1: Ball
1-1: Ball
2-1: Ball
3-1: Sac Bunt to 2R - play at first, batter OUT! 2-3
Eric Tucker to second
Batting: RHB Virgil McDonald 0-0: Ball
1-0: Called Strike
1-1: Called Strike
1-2: Strikes out swinging
Batting: RHB Nobuhisa Fujii 0-0: Swinging Strike
0-1: Ball
1-1: Called Strike
1-2: Fly out, F8 (Flyball, 8RD, EV 88.1 MPH)
Top of the 1st over - 0 runs, 0 hits, 0 errors, 1 left on base; Houston 0 - Hollywood 0
BOTTOM OF THE 1ST
Hollywood Stars batting - Pitching for Houston Colt .45s : RHP Fred O'Brien
Pitching: RHP Fred O'Brien
Batting: SHB Tetsuhiko Harada 0-0: Fly out, F9 (Flyball, 9, EV 90.0 MPH)
Batting: RHB Anthony Townsend 0-0: Called Strike
0-1: Ball
1-1: Ball
2-1: Swinging Strike
2-2: Strikes out swinging
Batting: RHB Brian Fowler 0-0: Ball
1-0: Reached on error, E6 (Groundball, 56, EV 91.3 MPH)
Batting: LHB Bob James 0-0: Called Strike
0-1: Ground out 4-3 (Groundball, 4, EV 90.0 MPH)
Bottom of the 1st over - 0 runs, 0 hits, 1 error, 1 left on base; Houston 0 - Hollywood 0
TOP OF THE 2ND
Houston Colt .45s batting - Pitching for Hollywood Stars : RHP Art Mahaffey
Batting: LHB Juan Rodríguez 0-0: Ball
1-0: Fly out, F8 (Flyball, 8RD, EV 81.9 MPH)
Batting: SHB Michael Trusty 0-0: Called Strike
0-1: Ball
1-1: Ball
2-1: Ball
3-1: Foul Ball, location: 7LDF
3-2: Strikes out swinging
Batting: RHB Darby Moore 0-0: Ball
1-0: Ball
2-0: Ball
3-0: Called Strike
3-1: Foul Ball, location: 7LSF
3-2: Foul Ball, location: 25FF
3-2: Fly out, F7 (Flyball, 7LD, EV 100.6 MPH)
Top of the 2nd over - 0 runs, 0 hits, 0 errors, 0 left on base; Houston 0 - Hollywood 0
BOTTOM OF THE 2ND
Hollywood Stars batting - Pitching for Houston Colt .45s : RHP Fred O'Brien
Batting: LHB Jimmie Hall 0-0: Fly out, F9 (Line Drive, 9, EV 96.9 MPH)
Batting: LHB Tim McCarver 0-0: Ball
1-0: Called Strike
1-1: Ball
2-1: SOLO HOME RUN (Flyball, 89XD, EV 105.0 MPH), Distance : 424 ft
Batting: LHB Eugene Williams 0-0: Ball
1-0: Ball
2-0: Called Strike
2-1: Ball
3-1: Called Strike
3-2: Ground out 6-3 (Groundball, 6, EV 80.6 MPH)
Batting: RHB Paul West 0-0: Foul Ball, location: 2F
0-1: Ball
1-1: Called Strike
1-2: Strikes out swinging
Bottom of the 2nd over - 1 run, 1 hit, 0 errors, 0 left on base; Houston 0 - Hollywood 1
TOP OF THE 3RD
Houston Colt .45s batting - Pitching for Hollywood Stars : RHP Art Mahaffey
Batting: SHB Allen Brown 0-0: Called Strike
0-1: Swinging Strike
0-2: Strikes out swinging
Batting: RHB Fred O'Brien 0-0: Fly out, F9 (Flyball, 9, EV 84.4 MPH)
Batting: SHB Eric Tucker 0-0: Ball
1-0: Ball
2-0: Ball
3-0: Called Strike
3-1: Base on Balls
Batting: LHB Edgardo Vázquez 0-0: Called Strike
0-1: Ball
1-1: Ball
2-1: Foul Ball, location: 2F
2-2: Ball
3-2: Fly out, F9 (Line Drive, 9S, EV 97.5 MPH)
Top of the 3rd over - 0 runs, 0 hits, 0 errors, 1 left on base; Houston 0 - Hollywood 1
BOTTOM OF THE 3RD
Hollywood Stars batting - Pitching for Houston Colt .45s : RHP Fred O'Brien
Batting: RHB Art Mahaffey 0-0: Fly out, F9 (Flyball, 89M, EV 91.3 MPH)
Batting: SHB Tetsuhiko Harada 0-0: Ball
1-0: Called Strike
1-1: Foul Ball, location: 23FF
1-2: Ball
2-2: Foul Ball, location: 25F
2-2: Strikes out swinging
Batting: RHB Anthony Townsend 0-0: Ball
1-0: Fly out, F8 (Flyball, 8RXD, EV 91.9 MPH)
Bottom of the 3rd over - 0 runs, 0 hits, 0 errors, 0 left on base; Houston 0 - Hollywood 1
TOP OF THE 4TH
Houston Colt .45s batting - Pitching for Hollywood Stars : RHP Art Mahaffey
Batting: RHB Virgil McDonald 0-0: Called Strike
0-1: Ball
1-1: Swinging Strike
1-2: Foul Ball, location: 23F
1-2: Fly out, F7 (Flyball, 8LS, EV 95.0 MPH)
Batting: RHB Nobuhisa Fujii 0-0: Called Strike
0-1: Called Strike
0-2: Ball
1-2: Ball
2-2: Ball
3-2: Foul Ball, location: 5F
3-2: Foul Ball, location: 9LDF
3-2: Base on Balls
Batting: LHB Juan Rodríguez 0-0: Ball
Nobuhisa Fujii steals 2nd base
1-0: Ball
2-0: Foul Ball, location: 2F
2-1: DOUBLE (Groundball, 3L, EV 101.9 MPH)
Nobuhisa Fujii scores
Batting: SHB Michael Trusty 0-0: Ball
1-0: Called Strike
1-1: Fly out, F7 (Flyball, 7, EV 86.9 MPH)
Batting: RHB Darby Moore 0-0: Ball
1-0: Ball
2-0: Ball
3-0: Called Strike
3-1: Called Strike
3-2: Base on Balls
Batting: SHB Allen Brown 0-0: Fly out, F8 (Flyball, 8LD, EV 96.9 MPH)
Top of the 4th over - 1 run, 1 hit, 0 errors, 2 left on base; Houston 1 - Hollywood 1
BOTTOM OF THE 4TH
Hollywood Stars batting - Pitching for Houston Colt .45s : RHP Fred O'Brien
Batting: RHB Brian Fowler 0-0: Called Strike
0-1: Called Strike
0-2: Fly out, F8 (Flyball, 8RD, EV 103.8 MPH)
Batting: LHB Bob James 0-0: Foul Ball, location: 25F
0-1: Swinging Strike
0-2: Strikes out swinging
Batting: LHB Jimmie Hall 0-0: Ball
1-0: Called Strike
1-1: Foul Ball, location: 25F
1-2: Foul Ball, location: 7LMFF
1-2: Strikes out swinging
Bottom of the 4th over - 0 runs, 0 hits, 0 errors, 0 left on base; Houston 1 - Hollywood 1
TOP OF THE 5TH
Houston Colt .45s batting - Pitching for Hollywood Stars : RHP Art Mahaffey
Batting: RHB Fred O'Brien 0-0: Fly out, F9 (Flyball, 9, EV 83.1 MPH)
Batting: SHB Eric Tucker 0-0: Called Strike
0-1: Swinging Strike
0-2: Ball
1-2: Ball
2-2: Strikes out swinging
Batting: LHB Edgardo Vázquez 0-0: Called Strike
0-1: Foul Ball, location: 5FF
0-2: SINGLE (Line Drive, 6D, EV 96.9 MPH)
Batting: RHB Virgil McDonald 0-0: Called Strike
0-1: Foul Ball, location: 9LSF
0-2: Ball
1-2: Ball
2-2: Fly out, F9 (Flyball, 89M, EV 93.8 MPH)
Top of the 5th over - 0 runs, 1 hit, 0 errors, 1 left on base; Houston 1 - Hollywood 1
BOTTOM OF THE 5TH
Hollywood Stars batting - Pitching for Houston Colt .45s : RHP Fred O'Brien
Batting: LHB Tim McCarver 0-0: Ball
1-0: Swinging Strike
1-1: Swinging Strike
1-2: Strikes out swinging
Batting: LHB Eugene Williams 0-0: Ball
1-0: Ball
2-0: Foul Ball, location: 5FF
2-1: SINGLE (Line Drive, 34, EV 101.9 MPH)
Batting: RHB Paul West 0-0: Called Strike
0-1: Ball
Eugene Williams steals 2nd, throwing error, E2
Eugene Williams to third
1-1: Called Strike
1-2: Foul Ball, location: 9LSF
1-2: Strikes out looking
Batting: RHB Art Mahaffey 0-0: Ball
1-0: Called Strike
1-1: Called Strike
1-2: Ball
2-2: Fly out, F4 (Popup, 13S, EV 81.9 MPH)
Bottom of the 5th over - 0 runs, 1 hit, 1 error, 1 left on base; Houston 1 - Hollywood 1
TOP OF THE 6TH
Houston Colt .45s batting - Pitching for Hollywood Stars : RHP Art Mahaffey
Batting: RHB Nobuhisa Fujii 0-0: Called Strike
0-1: Ball
1-1: Swinging Strike
1-2: Ball
2-2: Ball
3-2: Fly out, F9 (Flyball, 89S, EV 91.9 MPH)
Batting: LHB Juan Rodríguez 0-0: Called Strike
0-1: SINGLE (Groundball, 4S, EV 70.6 MPH) (infield hit)
Batting: SHB Michael Trusty 0-0: Called Strike
Juan Rodríguez steals 2nd base (no throw)
0-1: Ball
1-1: Swinging Strike
1-2: Ball
2-2: Ground out U3 (Groundball, 34, EV 88.1 MPH)
Juan Rodríguez to third
Batting: RHB Darby Moore 0-0: Ball
1-0: Fly out, F9 (Flyball, 9, EV 81.3 MPH)
Top of the 6th over - 0 runs, 1 hit, 0 errors, 1 left on base; Houston 1 - Hollywood 1
BOTTOM OF THE 6TH
Hollywood Stars batting - Pitching for Houston Colt .45s : RHP Fred O'Brien
Batting: SHB Tetsuhiko Harada 0-0: Ball
1-0: Called Strike
1-1: Ball
2-1: Foul Ball, location: 2F
2-2: Strikes out swinging
Batting: RHB Anthony Townsend 0-0: Swinging Strike
0-1: Ball
1-1: Foul Ball, location: 9LMF
1-2: Strikes out swinging
Batting: RHB Brian Fowler 0-0: Called Strike
0-1: Ground out 4-3 (Groundball, 4, EV 86.3 MPH)
Bottom of the 6th over - 0 runs, 0 hits, 0 errors, 0 left on base; Houston 1 - Hollywood 1
TOP OF THE 7TH
Houston Colt .45s batting - Pitching for Hollywood Stars : RHP Art Mahaffey
Batting: SHB Allen Brown 0-0: Fly out, F8 (Flyball, 8RM, EV 100.6 MPH)
Batting: RHB Fred O'Brien 0-0: Called Strike
0-1: Fly out, F8 (Flyball, 8RD, EV 99.4 MPH)
Batting: SHB Eric Tucker 0-0: Ball
1-0: Ball
2-0: Ball
3-0: Base on Balls
Batting: LHB Edgardo Vázquez 0-0: Ball
1-0: Ball
2-0: Ball
3-0: Base on Balls
Eric Tucker to second
Batting: RHB Virgil McDonald 0-0: Called Strike
0-1: Fly out, F7 (Flyball, 7, EV 99.4 MPH)
Top of the 7th over - 0 runs, 0 hits, 0 errors, 2 left on base; Houston 1 - Hollywood 1
BOTTOM OF THE 7TH
Hollywood Stars batting - Pitching for Houston Colt .45s : RHP Fred O'Brien
Batting: LHB Bob James 0-0: Swinging Strike
0-1: Ball
1-1: Ball
2-1: Fly out, F8 (Flyball, 8RS, EV 93.1 MPH)
Batting: LHB Jimmie Hall 0-0: Called Strike
0-1: Swinging Strike
0-2: Ball
1-2: Foul Ball, location: 2F
1-2: Strikes out swinging
Batting: LHB Tim McCarver 0-0: Ball
1-0: Ball
2-0: Called Strike
2-1: Ball
3-1: Swinging Strike
3-2: Fly out, F7 (Flyball, 7D, EV 110.0 MPH)
Bottom of the 7th over - 0 runs, 0 hits, 0 errors, 0 left on base; Houston 1 - Hollywood 1
TOP OF THE 8TH
Houston Colt .45s batting - Pitching for Hollywood Stars : RHP Art Mahaffey
Batting: RHB Nobuhisa Fujii 0-0: Called Strike
0-1: Ball
1-1: Fly out, F3 (Popup, 34, EV 81.9 MPH)
Batting: LHB Juan Rodríguez 0-0: SINGLE (Line Drive, 56D, EV 98.1 MPH)
Batting: SHB Michael Trusty 0-0: Ball
1-0: Ball
2-0: 2-RUN HOME RUN (Flyball, 89XD, EV 103.8 MPH), Distance : 412 ft
Batting: RHB Darby Moore 0-0: Called Strike
0-1: Ball
1-1: Foul Ball, location: 3FF
1-2: Ball
2-2: Strikes out swinging
Batting: SHB Allen Brown 0-0: Called Strike
0-1: Called Strike
0-2: Foul Ball, location: 25F
0-2: Ball
1-2: Strikes out swinging
Top of the 8th over - 2 runs, 2 hits, 0 errors, 0 left on base; Houston 3 - Hollywood 1
BOTTOM OF THE 8TH
Hollywood Stars batting - Pitching for Houston Colt .45s : RHP Fred O'Brien
Batting: LHB Eugene Williams 0-0: Foul Ball, location: 3DF
0-1: Ball
1-1: Foul Ball, location: 3FF
1-2: Strikes out swinging
Batting: RHB Paul West 0-0: Ball
1-0: Called Strike
1-1: Swinging Strike
1-2: Ball
2-2: Strikes out swinging
Pinch Hitting: RHB Arturo Gonzáles 0-0: Swinging Strike
0-1: Ball
1-1: Swinging Strike
1-2: Strikes out swinging
Bottom of the 8th over - 0 runs, 0 hits, 0 errors, 0 left on base; Houston 3 - Hollywood 1
TOP OF THE 9TH
Houston Colt .45s batting - Pitching for Hollywood Stars : RHP Art Mahaffey
Pitching: LHP Mark Wood
Pinch Hitting: RHB Ching Yo 0-0: Swinging Strike
0-1: Called Strike
0-2: Foul Ball, location: 23F
0-2: Ball
1-2: Strikes out swinging
Batting: SHB Eric Tucker 0-0: Ball
1-0: Fly out, F8 (Flyball, 78D, EV 92.5 MPH)
Batting: LHB Edgardo Vázquez 0-0: Called Strike
0-1: Called Strike
0-2: Ball
1-2: Ball
2-2: Foul Ball, location: 5FF
2-2: Ball
3-2: Foul Ball, location: 7LMF
3-2: DOUBLE (Line Drive, 7LD, EV 106.9 MPH)
Batting: RHB Virgil McDonald 0-0: Called Strike
0-1: Ball
1-1: Called Strike
1-2: Strikes out swinging
Top of the 9th over - 0 runs, 1 hit, 0 errors, 1 left on base; Houston 3 - Hollywood 1
BOTTOM OF THE 9TH
Hollywood Stars batting - Pitching for Houston Colt .45s : RHP Fred O'Brien
Pitching: LHP Jon Gregory
Batting: SHB Tetsuhiko Harada 0-0: Foul Ball, location: 3FF
0-1: Ball
1-1: Ball
2-1: Called Strike
2-2: Ground out 3-1 (Groundball, 34S, EV 85.0 MPH)
Batting: RHB Anthony Townsend 0-0: Ball
1-0: Foul Ball, location: 9LDF
1-1: Ball
2-1: Ground out 4-3 (Groundball, 4, EV 96.9 MPH)
Batting: RHB Brian Fowler 0-0: Ball
1-0: SOLO HOME RUN (Flyball, 7D, EV 105.6 MPH), Distance : 430 ft
Batting: LHB Bob James 0-0: Ball
1-0: Foul Ball, location: 2F
1-1: Foul Ball, location: 3DF
1-2: Fly out, F8 (Flyball, 89M, EV 94.4 MPH)
Bottom of the 9th over - 1 run, 1 hit, 0 errors, 0 left on base; Houston 3 - Hollywood 2
Thursday, March 28th , 2024 - OOTP Baseball 24.8 Build 75